 Dungeon Crawl Stone Soup version 0.30.0 (webtiles) character file.

Game seed: 17721260992167643316

35 alexhoolio the Poker (level 3, -1/30 HPs)
             Began as a Ghoul Gladiator on June 2, 2023.
             Slain by a phantom (2 damage)
             ... on level 2 of the Dungeon.
             The game lasted 00:04:08 (1382 turns).

alexhoolio the Poker (Ghoul Gladiator)              Turns: 1382, Time: 00:04:09

Health: -1/30      AC:  7    Str: 19    XL:     3   Next: 35%
Magic:  2/2        EV:  9    Int:  3    God:
Gold:   172        SH:  3    Dex: 10    Spells: 2/2 levels left

rFire   . . .        a - +0 trident
rCold   + . .        j - +0 buckler
rNeg    + + +        h - +0 scale mail
rPois   ∞            c - +0 helmet
rElec   .            (no cloak)
rCorr   +            (no gloves)
SInv    .            (no boots)
Will    .....        (no amulet) Stlth
                     g - ring of resist corrosion
HPRegen 0.00/turn    (no ring)
MPRegen 0.08/turn

%: no passive effects
@: inhibited regen
A: claws 1, cold resistance 1, negative energy resistance 3, inhibited
regeneration, torment resistance 2, devour on kill
a: no special abilities


You were on level 2 of the Dungeon.
You visited 1 branch of the dungeon, and saw 3 of its levels.

You collected 172 gold pieces.

Inventory:

Hand Weapons
 a - a +0 trident (weapon)
Missiles
 b - 5 poisoned darts
 d - 2 throwing nets (quivered)
 e - a javelin
Armour
 c - a +0 helmet (worn)
 h - a +0 scale mail (worn)
 j - a +0 buckler (worn)
Jewellery
 g - a ring of resist corrosion (left claw)
Wands
 m - a wand of charming (9)
Scrolls
 f - a scroll of vulnerability {unknown}
 k - a scroll of brand weapon {unknown}
 l - a scroll of blinking {unknown}
Potions
 i - a potion of heal wounds {unknown}
 n - a potion of brilliance {unknown}


   Skills:
 + Level 2.9 Fighting
 * Level 3.6 Polearms
 - Level 1.7 Throwing
 - Level 2.6 Dodging


You had 2 spell levels left.
You didn't know any spells.
Your spell library was empty.

Dungeon Overview and Level Annotations

Branches:
Dungeon (3/15)

Altars:


Innate Abilities, Weirdness & Mutations

You are immune to poison.
You have sharp fingernails.
Your flesh is cold resistant. (rC+)
You are immune to negative energy. (rN+++)
You do not regenerate when monsters are visible.
You are immune to unholy pain and torment.
You thrive by killing the living.


Message History

There is a cloud of translocational energy here.
Unknown command.
The phantom attacks as you move away! The phantom hits you.
You see here a throwing net.
The phantom attacks as you move away! The phantom hits you.
The phantom attacks as you move away!
The phantom hits you but does no damage.
The phantom attacks as you move away!
The phantom hits you but does no damage.
The phantom attacks as you move away!
The phantom hits you but does no damage.
A hobgoblin comes into view.
The hobgoblin shouts!
The phantom attacks as you move away!
The phantom hits you but does no damage.
You block the hobgoblin's attack. The hobgoblin attacks as you move away!
The hobgoblin hits you but does no damage.
The hobgoblin attacks as you move away! The hobgoblin barely misses you.
The phantom attacks as you move away! The phantom hits you.
* * * LOW HITPOINT WARNING * * *
There is a stone staircase leading up here.
The phantom attacks as you move away! The phantom closely misses you.
The phantom barely misses you.
You barely miss the phantom. The phantom hits you.
* * * LOW HITPOINT WARNING * * *
The phantom blinks!
You blink.
The phantom hits you but does no damage.
You climb upwards.
There is a stone staircase leading down here.
The phantom attacks as you move away! The phantom hits you.
* * * LOW HITPOINT WARNING * * *
The phantom attacks as you move away!
The phantom hits you but does no damage.
The phantom attacks as you move away! The phantom hits you.
* * * LOW HITPOINT WARNING * * *
The phantom attacks as you move away! The phantom barely misses you.
The phantom attacks as you move away! The phantom closely misses you.
The phantom attacks as you move away! The phantom hits you.
You die...

.......##.##..# #.#....##.......
.##...###.###.####.####..........
.##...# #..##......# ####.......
###..(# ##..#####..# #.......
#...# ##.#####..### #.......
#..<# ###....#.....## #.......
#...# #....#.#.###..# ########
#######....#.#.# ##.##
#.........W@####..###
###.##..........###...#
####...##.....####.#####.###
.....####.....# #.(.# #...###
###### ###..#.# ###.# ###...##
##...##.## #.## ###..# #..####..#
#..## ##.# #.## ##.## ##..####
#.# #.# #..# ##....###.##


You could see a phantom.

Vanquished Creatures
  A worm (D:2)
  3 bats
  2 endoplasms
  A hobgoblin (D:1)
  12 jackals
  A kobold (D:1)
  2 ball pythons (D:2)
  A frilled lizard (D:2)
  3 goblins
  2 rats (D:1)
28 creatures vanquished.

Notes
Turn   | Place    | Note
-------+----------+-------------------------------------------
     0 | D:1      | alexhoolio the Ghoul Gladiator began the quest for the Orb.
     0 | D:1      | Reached XP level 1. HP: 17/17 MP: 0/0
   191 | D:1      | Reached skill level 3 in Polearms
   272 | D:1      | Reached XP level 2. HP: 25/25 MP: 1/1
   751 | D:2      | Reached XP level 3. HP: 15/30 MP: 2/2
  1320 | D:3      | Noticed a phantom
  1361 | D:2      | HP: 1/30 [phantom (1)]
  1382 | D:2      | Slain by a phantom

Illustrated notes

Levels and vault maps discovered:
D:1:      dpeg_arrival_round_c, layout_basic, minmay_door_square,
          nicolae_kite_square_tiling_tiny, ebering_dispersal_statue_hall
D:2:      layout_rooms
D:3:      cheibrodos_fertilizer, layout_loops_ring,
          nicolae_wu_jian_glorious_leap, marbit_many_paths,
          kennysheep_vampire_church, bloody_makhleb, roderic_three_in_a_row

Skill      XL: |  1 |
---------------+----+-----
Polearms       | 3 |  3.6
Fighting       | |  2.9
Throwing       | |  1.7
Dodging        | |  2.6

Action                     || total
---------------------------++-------
  Melee: Trident           ||    95
  Throw: Throwing net      ||     1
 Armour: Leather armour    ||     2
         Ring mail         ||    17
         Scale mail        ||    26
  Dodge: Dodged            ||    46
  Block: Buckler           ||     4
